 Dungeon Crawl Stone Soup version 0.27-a0-797-g27d10ad80f (webtiles) character file.

Game seed: 14771433689872074777

7 polve the Skirmisher (level 1, -1/18 HPs)
             Began as a Demonspawn Abyssal Knight on Mar 27, 2021.
             Was an Initiate of Lugonu.
             Slain by a kobold
             ... wielding a +0 short sword
              (5 damage)
             ... on level 1 of the Dungeon.
             The game lasted 00:01:08 (417 turns).

polve the Skirmisher (Demonspawn Abyssal Knight)     Turns: 417, Time: 00:01:09

Health: -1/18      AC:  7    Str: 12    XL:     1   Next: 83%
Magic:  2/2        EV:  8    Int: 17    God:    Lugonu [......]
Gold:   34         SH:  0    Dex: 12    Spells: 0/0 levels left

rFire    . . .     SeeInvis .   a - +1 falchion
rCold    + . .     Faith    .   (no shield)
rNeg     . . .     Spirit   .   f - +0 scale mail of Leaves {rC+ Int+4}
rPois    .         Reflect  .   (no helmet)
rElec    .         Harm     .   (no cloak)
rCorr    .         Rampage  .   b - +0 pair of gloves
Will     .....                  (no boots)
Stlth    ..........             (no amulet)
HPRegen  0.06/turn              (no ring)
MPRegen  0.08/turn              (no ring)

@: no status effects
A: no striking features
a: Renounce Religion


You were on level 1 of the Dungeon.
You worshipped Lugonu.
Lugonu was noncommittal.
You visited 1 branch of the dungeon, and saw 1 of its levels.
You visited the Abyss 1 time.

You collected 34 gold pieces.

Inventory:

Hand Weapons
 a - a +1 falchion (weapon)
Armour
 b - a +0 pair of gloves (worn)
 f - the +0 scale mail of Leaves (worn) {rC+ Int+4}
   (You found it on level 3 of the Abyss)

   It affects your intelligence (+4).
   It protects you from cold.
Scrolls
 d - a scroll of identify {unknown}
 g - a scroll of noise {unknown}
Potions
 c - a potion of magic {unknown}
 e - 2 potions of might {unknown}


   Skills:
 - Level 3.0 Fighting
 + Level 2.4 Long Blades
 - Level 1.7 Armour
 - Level 0.8 Dodging
 - Level 2.4 Invocations


You couldn't memorise any spells.
You didn't know any spells.
Your spell library was empty.

Dungeon Overview and Level Annotations

Branches:
Dungeon (1/15)

Altars:


Message History

Lugonu accepts your kill.
You closely miss the jackal.
The jackal bites you but does no damage. x2
You hit the jackal.
The jackal is almost dead.
The jackal bites you but does no damage.
The jackal barely misses you.
You barely miss the jackal.
The jackal is almost dead.
The kobold hits you with a +0 short sword.
The jackal bites you but does no damage.
You barely miss the jackal.
The jackal is almost dead.
The jackal bites you but does no damage.
The kobold hits you but does no damage.
The jackal bites you but does no damage.
The kobold hits you with a +0 short sword.
* * * LOW HITPOINT WARNING * * *
You hit the jackal.
You kill the jackal!
Lugonu accepts your kill. The kobold closely misses you.
You riposte.
You barely miss the kobold.
The jackal bites you but does no damage.
You hit the jackal but do no damage.
The jackal is moderately wounded.
The jackal misses you. The kobold barely misses you.
You riposte.
You closely miss the kobold. You hit the jackal.
The jackal is almost dead.
The jackal closely misses you. The kobold closely misses you.
The jackal bites you but does no damage.
You hit the jackal.
You kill the jackal!
Lugonu accepts your kill. The kobold barely misses you.
You swing at nothing.
The kobold hits you but does no damage. The kobold barely misses you.
You swing at nothing.
The kobold hits you with a +0 short sword.
You die...

#.......# ########.## ...
#...# .... #...#
.....##..K# ....(....h#
#.# ......#...# #.# .
.####.#$..#####.# ..#####.
.........†@....###...
..... ####.#...##K##.....
.##.... ...#...........#.
.##....
###.#..###.##.#.#...##....
#...........#.#...##....
#.#..###.##.#.#...#.....
#........##.#.#...#.....
#..[....................
.....##..####.###.#.....


You could see a kobold.

Vanquished Creatures
  3 jackals (D:1)
  A ball python (D:1)
  A bat (D:1)
  2 rats (D:1)
  2 toadstools (D:1)
9 creatures vanquished.

Vanquished Creatures (others)
  2 toadstools (D:1)
2 creatures vanquished.

Grand Total: 11 creatures vanquished

Notes
Turn   | Place    | Note
-------+----------+-------------------------------------------
     0 | Abyss:1  | polve the Demonspawn Abyssal Knight began the quest for the
                  | Orb.
     0 | Abyss:1  | Reached XP level 1. HP: 18/18 MP: 2/2
    71 | Abyss:2  | Noticed a shadow
   101 | Abyss:3  | Noticed a large abomination
   110 | Abyss:3  | Noticed a thrashing horror
   110 | Abyss:3  | Noticed a boulder beetle
   114 | Abyss:3  | Identified the +0 scale mail of Leaves {rC+ Int+4}
   116 | D:1      | Escaped the Abyss
   417 | D:1      | Slain by a kobold

Illustrated notes

Levels and vault maps discovered:
D:1:      ldierk_water_garden, layout_basic

Skill      XL: |  1 |
---------------+----+-----
Long Blades    | 2 |  2.4
Fighting       | |  3.0
Armour         | |  1.7
Dodging        | |  0.8
Invocations    | |  2.4

Action                   || total
-------------------------++-------
Melee: Falchion          ||    26
Invok: Depart the Abyss  ||     1
Armor: Scale mail        ||    29
       Leather armour    ||     2
Dodge: Dodged            ||    22
       Rpst.: Falchion   ||     9

Table legend: (Time is in decaauts)
 A = Elapsed time spent in this place.
 B = Non-inter-level travel time spent in this place.
 C = Inter-level travel time spent in this place.
 D = Time resting spent in this place.
 E = Time spent auto-exploring this place.
 F = Levels seen in this place.
 G = Mean time per level.
                   A        B        C        D        E       F      G
               +--------+--------+--------+--------+--------+-----+--------+
         Total |    421 |    421 |      0 |      0 |    290 |   4 |  105.2 |
       Dungeon |    306 |    306 |      0 |      0 |    217 |   1 |  306.0 |
         Abyss |    115 |    115 |      0 |      0 |     73 |   3 |   38.3 |
               +--------+--------+--------+--------+--------+-----+--------+

Top non-repeatable levels by time:
     D:1: 306 daAuts
 Abyss:1: 48 daAuts
 Abyss:3: 40 daAuts
 Abyss:2: 26 daAuts
